 Dungeon Crawl Stone Soup version 0.31-a0-963-ga325b2283a (webtiles) character file.

Game seed: 18376344323225408322

529 Xavori the Trooper (level 7, -4/44 (52) HPs)
             Began as a Djinni Chaos Knight on Oct 26, 2023.
             Was a Plaything of Xom.
             Constricted to death by Ijyb (5 damage)
             ... on level 5 of the Dungeon.
             The game lasted 00:04:52 (8689 turns).

Xavori the Trooper (Djinni Chaos Knight)            Turns: 8689, Time: 00:04:53

HP:   -4/44 (52)    AC:  3    Str: 19    XL:     7   Next: 48%
Gold: 229           EV: 10    Int: 11    God:    Xom [*.....] SH:  0 Dex: 13

rFire   + + .        a - +0 falchion (chaos)
rCold   . . .        (no shield)
rNeg    . . .        b - +2 leather armour
rPois   ∞            (no helmet)
rElec   .            (no cloak)
rCorr   +            (no gloves)
SInv    .            (boots unavailable)
Will    .....        q - amulet of the acrobat
Stlth   +            i - ring of protection from cold
HPRegen 0.27/turn    m - ring of resist corrosion
MPRegen 0.00/turn

%: acrobat, clarity, infuse magic (-5 HP)
@: grasped by roots, flying, constricted, heavily drained
A: sickness immunity, fire resistance 2, cold vulnerability 1, float, innate
caster, HP casting, extra vitality 1, clarity, deformed body, strong 2, subdued
magic 1, MP-powered wands
a: Renounce Religion


You were on level 5 of the Dungeon.
You worshipped Xom.
You were a special plaything of Xom.
You visited 1 branch of the dungeon, and saw 5 of its levels.

You collected 229 gold pieces.

Inventory:

Hand Weapons
 a - a +0 falchion of chaos (weapon)
Missiles
 r - a throwing net
Armour
 b - a +2 leather armour (worn)
Jewellery
 i - a ring of protection from cold (left hand)
 m - a ring of resist corrosion (right hand)
 q - an amulet of the acrobat (around neck)
Wands
 o - a wand of paralysis (15)
Scrolls
 c - a scroll of butterflies
 g - 2 scrolls of poison
 j - a scroll of fog {unknown}
 k - a scroll of torment
 n - 3 scrolls of teleportation
 p - a scroll of immolation
Potions
 d - a potion of brilliance {unknown}
 f - a potion of heal wounds {unknown}
 h - 2 potions of enlightenment
 l - a potion of ambrosia {unknown}
 s - a potion of curing


   Skills:
 + Level 4.3 Fighting
 + Level 3.9 Long Blades
 + Level 3.1 Armour
 + Level 4.0 Dodging
 * Level 2.5 Spellcasting
 * Level 2.5 Conjurations
 * Level 2.5 Hexes
   Level 0.0 Charms
 * Level 2.5 Summonings
 * Level 2.5 Necromancy
 * Level 2.5 Translocations
 * Level 2.5 Transmutations
 * Level 2.5 Fire Magic
 * Level 2.5 Ice Magic
 * Level 2.5 Air Magic
 * Level 2.5 Earth Magic
 * Level 2.5 Poison Magic


You knew the following spells:

 Your Spells              Type           Power      Damage    Failure   Level
a - Shock                 Conj/Air       20%        1d4       10%         1
b - Wereblood             Tmut           5%         N/A       14%         2
c - Poisonous Vapours     Pois/Air       10%        N/A       14%         2
Your spell library was empty.

Dungeon Overview and Level Annotations

Branches:
Dungeon (5/15)
 Temple: D:4-7

Altars:
Trog
Xom
Yredelemnul

Shops:
D:5 =

Annotations:
D:3 1 runed translucent door
D:4 2 transporters, soul19's ghost, amateur DsFi
D:5 Ijyb


Innate Abilities, Weirdness & Mutations

You are immune to sickness and miasma.
You are immune to poison.
Your flesh is very heat resistant. (rF++)
You are vulnerable to cold. (rC-)
You float through the air rather than walking.
You learn spells naturally, not from books.
Your magical power is your life essence.
You have superior vitality. (+4 MHP)
You possess an exceptional clarity of mind.
Armour fits poorly on your strangely shaped body.
Your muscles are very strong. (Str +8, Int/Dex -2)
Your spells are a little easier to cast, but a little less powerful.
You expend health (3 HP) to strengthen your wands.


Message History

You hit Ijyb but do no damage.
Ijyb is heavily wounded.
Ijyb hits you with a +1 dagger of venom.
The grasping roots constrict you.
The grasping roots release their grip on you.
You are too injured to fight recklessly!
Unknown command.
You are too injured to fight recklessly!
Unknown command.
You are too injured to fight recklessly!
You hit Ijyb but do no damage. You punch Ijyb, but do no damage.
Ijyb is heavily wounded.
Ijyb hits you with a +1 dagger of venom.
You barely miss Ijyb.
Ijyb is heavily wounded.
Ijyb hits you with a +1 dagger of venom.
Unknown command.
You barely miss Ijyb.
Ijyb is heavily wounded.
Ijyb zaps a wand.
The roots erupt in riotous growth!
The grasping roots grab you!
Ijyb is unaffected.
The grasping roots constrict you.
* * * LOW HITPOINT WARNING * * *
Something shouts, "Take thy face hence, thou surly hedge-born dandiprat!"
Unknown command.
Aiming: Paralyse
Press: ? - help, Shift-Dir - straight line, f - Ijyb
Aim: Ijyb, wielding a +1 dagger of venom, wearing a +1 ring mail of fire resistance and carrying a wand of roots (heavily wounded, chance to affect: 62%)
You feel a surge of power!
Ijyb suddenly stops moving!
* * * LOW HITPOINT WARNING * * *
The grasping roots constrict you!
* * * LOW HITPOINT WARNING * * *
Unknown command.
Unknown command.
The helpless Ijyb fails to defend herself.
You hit Ijyb but do no damage.
Ijyb is heavily wounded.
The grasping roots constrict you.
You die...
Xom roars with laughter!

#### #..#
.#..###.<##
......8@8.#
.####..g[.#
##8.8.#
##...#
###.# .# .#
.#


You could see Ijyb (paralysed).

Vanquished Creatures
  An ice beast (D:4)
  A black bear (D:4)
  A scorpion (D:4)
  A jelly (D:2)
  A hound (D:4)
  An orc wizard (D:2)
  3 gnolls (D:4)
  7 adders
  2 worms (D:2)
  4 orcs
  5 bats
  6 endoplasms
  A giant cockroach (D:1)
  6 goblins
  5 hobgoblins
  4 jackals
  7 kobolds
  4 quokkas
  8 ball pythons
  3 frilled lizards
  A goblin skeleton (D:3)
  A jackal skeleton (D:3)
  A jackal zombie (D:3)
  A kobold zombie (D:4)
  10 rats
85 creatures vanquished.

Vanquished Creatures (collateral kills)
  An iguana (D:4)
1 creature vanquished.

Grand Total: 86 creatures vanquished

Notes
Turn   | Place    | Note
-------+----------+-------------------------------------------
     0 | D:1      | Xavori the Djinni Chaos Knight began the quest for the Orb.
     0 | D:1      | Reached XP level 1. HP: 20/20 MP: 0/0
   144 | D:1      | XOM: divination: magic mapping
   190 | D:1      | XOM: silly message
   313 | D:1      | XOM: silly message
   352 | D:1      | Reached XP level 2. HP: 25/25 MP: 0/0
   438 | D:1      | XOM: cloud trail
  1550 | D:1      | XOM: cloud trail
  1935 | D:1      | XOM: summons 3 hostile shadow creatures
  2107 | D:1      | XOM: cloud trail
  2181 | D:1      | XOM: scenery: create altars
  2874 | D:1      | XOM: scenery: create altars
  3151 | D:1      | XOM: god gift: scroll labelled RADAAK QUXITAI {god gift}
  3154 | D:1      | XOM: 3-stop teleportation journey
  3187 | D:1      | XOM: god gift: diamond ring {god gift}
  3285 | D:1      | XOM: scenery: 1 doors close
  3502 | D:1      | XOM: scenery: 1 doors open
  3571 | D:1      | XOM is BORED!
  3571 | D:1      | XOM: give mutations
  3571 | D:1      | Gained mutation: Your spells are a little easier to cast,
                  | but a little less powerful. [Xom's mischief]
  3571 | D:1      | Gained mutation: You possess an exceptional clarity of
                  | mind. [Xom's mischief]
  3571 | D:1      | Lost mutation: You possess an exceptional clarity of mind.
                  | [Xom's mischief]
  3730 | D:1      | XOM: give mutations
  3730 | D:1      | Gained mutation: You are robust. (+10% HP) [Xom's grace]
  3730 | D:1      | Gained mutation: You possess an exceptional clarity of
                  | mind. [Xom's grace]
  3730 | D:1      | Gained mutation: Your muscles are strong. (Str +4, Int/Dex
                  | -1) [Xom's grace]
  4314 | D:1      | XOM: scenery: 1 doors close
  4448 | D:1      | XOM: scenery: 1 doors open
  4693 | D:1      | XOM: god gift: 51 gold pieces
  5063 | D:1      | XOM: god gift: scroll labelled TINNUKHL BOHET {god gift}
  5405 | D:1      | XOM: scenery: 1 doors close
  5421 | D:1      | XOM: give mutations
  5421 | D:1      | Gained mutation: Your muscles are very strong. (Str +8,
                  | Int/Dex -2) [Xom's grace]
  5421 | D:1      | Gained mutation: You are partially covered in large bone
                  | plates. (SH +4) [Xom's grace]
  5421 | D:1      | Gained mutation: You are agile. (Dex +4, Str/Int -1) [Xom's
                  | grace]
  5652 | D:2      | Reached skill level 1 in Spellcasting
  5652 | D:2      | Reached skill level 1 in Conjurations
  5652 | D:2      | Reached skill level 1 in Hexes
  5652 | D:2      | Reached skill level 1 in Summonings
  5652 | D:2      | Reached skill level 1 in Necromancy
  5652 | D:2      | Reached skill level 1 in Translocations
  5652 | D:2      | Reached skill level 1 in Transmutations
  5652 | D:2      | Reached skill level 1 in Fire Magic
  5652 | D:2      | Reached skill level 1 in Ice Magic
  5652 | D:2      | Reached skill level 1 in Air Magic
  5652 | D:2      | Reached skill level 1 in Earth Magic
  5652 | D:2      | Reached skill level 1 in Poison Magic
  5652 | D:2      | Reached XP level 3. HP: 12/33 MP: 0/0
  5652 | D:2      | Learned a level 1 spell: Shock
  5652 | D:2      | Reached XP level 4. HP: 14/38 MP: 0/0
  5792 | D:2      | XOM: divination: detect items
  5997 | D:2      | Reached XP level 5. HP: 17/44 MP: 0/0
  5997 | D:2      | Learned a level 2 spell: Wereblood
  6131 | D:2      | XOM: give mutations
  6131 | D:2      | Lost mutation: You are robust. (+10% HP) [Xom's mischief]
  6131 | D:2      | Gained mutation: You expend health (3 HP) to strengthen
                  | your wands. [Xom's mischief]
  6581 | D:3      | XOM: chaos cloud
  6655 | D:3      | Noticed a human
  6662 | D:3      | XOM: 6-stop teleportation journey
  6671 | D:3      | an adder changed into a glowing shapeshifter
  6671 | D:3      | Noticed a glowing shapeshifter (glowing shapeshifter)
  6671 | D:3      | a glowing shapeshifter changed into an anaconda
  6671 | D:3      | Noticed an anaconda (glowing shapeshifter)
  6673 | D:3      | XOM: snakes to sticks
  6915 | D:3      | Found a faded altar of an unknown god.
  7003 | D:3      | Found a runed translucent door.
  7003 | D:3      | Found a basalt altar of Yredelemnul.
  7402 | D:4      | Found a bloodstained altar of Trog.
  7402 | D:4      | XOM: 1-stop teleportation journey
  7417 | D:4      | Reached XP level 6. HP: 47/47 MP: 0/0
  7542 | D:4      | Noticed an ice beast
  7556 | D:4      | XOM: cast spell 'Olgreb's Toxic Radiance'
  7557 | D:4      | Killed an ice beast
  7683 | D:4      | XOM: god gift: chain mail {god gift}
  7697 | D:4      | XOM: cast spell 'Alistair's Intoxication'
  7709 | D:4      | Reached XP level 7. HP: 47/52 MP: 0/0
  7709 | D:4      | Learned a level 2 spell: Poisonous Vapours
  7839 | D:4      | XOM: silly message
  8047 | D:4      | XOM: snakes to sticks
  8050 | D:4      | XOM: summons 1 hostile shadow creature
  8053 | D:4      | XOM: divination: detect creatures
  8090 | D:4      | a gnoll changed into a glowing shapeshifter
  8090 | D:4      | Noticed a glowing shapeshifter (glowing shapeshifter)
  8090 | D:4      | a glowing shapeshifter changed into a wolf spider
  8090 | D:4      | Noticed a wolf spider (glowing shapeshifter)
  8091 | D:4      | a wolf spider changed into a two-headed ogre
  8091 | D:4      | Noticed a two-headed ogre (glowing shapeshifter)
  8092 | D:4      | a two-headed ogre changed into a glowing shapeshifter
  8092 | D:4      | Noticed a glowing shapeshifter (glowing shapeshifter)
  8093 | D:4      | a glowing shapeshifter changed into a glowing orange brain
  8093 | D:4      | Noticed a glowing orange brain (glowing shapeshifter)
  8095 | D:4      | a glowing orange brain changed into a skyshark
  8095 | D:4      | Noticed a skyshark (glowing shapeshifter)
  8101 | D:4      | a skyshark changed into a redback
  8101 | D:4      | Noticed a redback (glowing shapeshifter)
  8104 | D:4      | a redback changed into a deep troll
  8104 | D:4      | Noticed a deep troll (glowing shapeshifter)
  8208 | D:4      | Noticed a steam dragon
  8212 | D:4      | Noticed soul19's ghost (amateur DsFi)
  8222 | D:4      | Found a transporter.
  8281 | D:4      | Found a transporter.
  8487 | D:4      | XOM: give mutations
  8487 | D:4      | Lost mutation: You are agile. (Dex +4, Str/Int -1) [Xom's
                  | mischief]
  8487 | D:4      | Lost mutation: You are partially covered in large bone
                  | plates. (SH +4) [Xom's mischief]
  8487 | D:4      | Gained mutation: Armour fits poorly on your strangely
                  | shaped body. [Xom's mischief]
  8595 | D:1      | XOM: draining
  8678 | D:5      | Entered Level 5 of the Dungeon
  8678 | D:5      | Noticed Ijyb
  8678 | D:5      | Found Byrr's Jewellery Emporium.
  8688 | D:5      | HP: 1/44 [constriction (7)]
  8689 | D:5      | Constricted to death by Ijyb

Illustrated notes

Levels and vault maps discovered:
D:1:      sevenhm_arrival_forest_fort_small_3, layout_basic,
          hangedman_decor_push, minmay_strange_pillars,
          minmay_misc_feat_enclosed, amethyst_killhole
D:2:      layout_loops_ring
D:3:      layout_basic, dk_yredelemnul_ordeal, hellmonk_ecumenical_altar_blasted
D:4:      layout_cave_pods, trog_hazing_becter, gammafunk_ghost_arena
D:5:      layout_basic, mainiacjoe_overflow_paths, lemuel_round_altar,
          mainiacjoe_overflow_alcove_1, slow_altar_1,
          minmay_temple_entry_glassed_door, serial_shops,
          nicolae_shop_tiny_statue_garden, nicolae_shop_industrial_runoff,
          uniq_crazy_yiuf_cottage, uniq_pikel, uniq_ijyb

Skill      XL: |  1  2  3  4  5  6  7 |
---------------+----------------------+-----
Long Blades    | 3 |  3.9
Spellcasting   | 1 2 |  2.5
Conjurations   | 1 2 |  2.5
Hexes          | 1 2 |  2.5
Summonings     | 1 2 |  2.5
Necromancy     | 1 2 |  2.5
Translocations | 1 2 |  2.5
Transmutations | 1 2 |  2.5
Fire Magic     | 1 2 |  2.5
Ice Magic      | 1 2 |  2.5
Air Magic      | 1 2 |  2.5
Earth Magic    | 1 2 |  2.5
Poison Magic   | 1 2 |  2.5
Armour         | 2 3 |  3.1
Dodging        | 3 4 |  4.0
Fighting       | 4 |  4.3

Action                     |  1- 3 |  4- 6 |  7- 9 || total
---------------------------+-------+-------+-------++-------
  Melee: Falchion          |    72 |   158 |    64 ||   294
         Punch             |     1 |     2 |     2 ||     5
   Cast: Wereblood         |       |     1 |       ||     1
         Poisonous Vapours |       |       |     2 ||     2
  Evoke: Wand              |       |       |     1 ||     1
    Use: Scroll            |     2 |       |     3 ||     5
         Potion            |     1 |       |       ||     1
   Stab: Sleeping          |       |     1 |       ||     1
         Paralysed         |       |       |     1 ||     1
 Armour: Leather armour    |    37 |    79 |    36 ||   152
  Dodge: Dodged            |    54 |   135 |    50 ||   239
  Block: Other             |     3 |    28 |     9 ||    40

Table legend: (Time is in decaauts)
 A = Elapsed time spent in this place.
 B = Non-inter-level travel time spent in this place.
 C = Inter-level travel time spent in this place.
 D = Time resting spent in this place.
 E = Time spent auto-exploring this place.
 F = Levels seen in this place.
 G = Mean time per level.
                   A        B        C        D        E       F      G
               +--------+--------+--------+--------+--------+-----+--------+
         Total |   8721 |   8442 |    279 |   5081 |   2617 |   5 | 1744.2 |
       Dungeon |   8721 |   8442 |    279 |   5081 |   2617 |   5 | 1744.2 |
               +--------+--------+--------+--------+--------+-----+--------+

Top non-repeatable levels by time:
     D:1: 5657 daAuts
     D:4: 1188 daAuts
     D:2: 1034 daAuts
     D:3: 829 daAuts
     D:5: 11 daAuts
